 Seeded DCSS version 0.27-a0-931-g5a74e75d8f (webtiles) character file.

Game seed: 19781204 (custom seed)

189 Snicker the Sneak (level 5, -1/39 HPs)
             Began as a Demonspawn Brigand on Apr 10, 2021.
             Was an Initiate of Gozag.
             Slain by a kobold brigand
             ... wielding a +0 short sword
              (10 damage)
             ... on level 4 of the Dungeon.
             The game lasted 00:04:49 (3092 turns).

Snicker the Sneak (Demonspawn Brigand)              Turns: 3092, Time: 00:04:49

Health: -1/39      AC:  5    Str: 10 (11) XL:     5   Next: 40%
Magic:  5/5        EV: 12    Int: 10 (13) God:    Gozag
Gold:   129        SH:  0    Dex: 15      Spells: 4/4 levels left

rFire    . . .     SeeInvis .   a - +2 dagger
rCold    . . .     Faith    .   (no shield)
rNeg     . . .     Spirit   .   b - +0 robe
rPois    .         Reflect  .   (no helmet)
rElec    .         Harm     .   c - +0 cloak
rCorr    .         Rampage  .   (no gloves)
Will     .....                  (no boots)
Stlth    +++.......             (no amulet)
HPRegen  0.13/turn              (no ring)
MPRegen  0.09/turn              (no ring)

@: gold aura
A: claws 1, icy blue scales 1
a: Renounce Religion, Potion Petition, Call Merchant, Bribe Branch


You were on level 4 of the Dungeon.
You worshipped Gozag.
Gozag was aware of your devotion.
You visited 2 branches of the dungeon, and saw 5 of its levels.

You collected 213 gold pieces.
You paid 84 gold pieces to Gozag.

Inventory:

Hand Weapons
 a - a +2 dagger (weapon)
Missiles
 d - 41 poisoned darts (quivered)
Armour
 b - a +0 robe (worn)
 c - a +0 cloak (worn)
 j - a +1 pair of gloves
Wands
 k - a wand of flame (23)
Scrolls
 f - 2 scrolls of amnesia {unknown}
 g - 2 scrolls of identify {unknown}
 h - a scroll of immolation {unknown}
 i - a scroll of vulnerability {unknown}
 l - a scroll of noise {unknown}
Potions
 m - a potion of curing


   Skills:
 + Level 2.4 Fighting
 * Level 3.2 Short Blades
 + Level 2.0 Throwing
 + Level 1.2 Dodging
 * Level 5.3 Stealth


You had 4 spell levels left.
You didn't know any spells.
Your spell library was empty.

Dungeon Overview and Level Annotations

Branches:
Dungeon (4/15)             Temple (1/1) D:4

Altars:
Gozag
Hepliaklqana
Nemelex Xobeh
Sif Muna
Uskayaw
Xom


Innate Abilities, Weirdness & Mutations

You have sharp fingernails.
You are partially covered in icy blue scales. (AC +2)


Message History

You closely miss the kobold brigand.
The kobold brigand is heavily wounded.
Unknown command.
You barely miss the kobold brigand.
The kobold brigand is heavily wounded.
You feel sick.
The kobold brigand hits you with a +0 short sword!
* * * LOW HITPOINT WARNING * * *
You feel better.
The kobold brigand hits you but does no damage.
Throw: 2 darts (curare)
Press: ? - help, Q - select action, (/) - cycle Shift-Dir - straight line, f - kobold
Aim: a kobold, wielding a +0 whip (53% to hit)
You throw a curare-tipped dart.
The curare-tipped dart barely misses the kobold brigand.
The curare-tipped dart hits the kobold.
The kobold is poisoned.
The kobold convulses.
You kill the kobold!
The kobold brigand hits you with a +0 short sword!
* * * LOW HITPOINT WARNING * * *
Unknown command.
Throw: dart (curare)
Press: ? - help, Q - select action, (/) - cycle Shift-Dir - straight line, f/p - kobold
Aim: a kobold, wielding a +0 whip (53% to hit)
You throw a curare-tipped dart.
The curare-tipped dart barely misses the kobold brigand.
The curare-tipped dart hits the kobold.
The kobold is poisoned.
The kobold convulses.
You kill the kobold!
The kobold brigand hits you with a +0 short sword.
* * * LOW HITPOINT WARNING * * *
Unknown command.
You hit the kobold brigand.
The kobold brigand is heavily wounded.
The kobold brigand barely misses you.
Unknown command.
You feel better.
The kobold brigand hits you with a +0 short sword!
You die...
Your body crumbles into a pile of gold.

##..$P♣ #. #K..♣P#
# #. ##.$..## P #.
#.K..####.
#.####♣KK.# ♣P#
..<#PKK####♣.# #
#.##...# #...
#..########K##...#
#...
#.....$@KKKK...###
#.##
#.#.########K.###
#.## #..########.#
#...........#
......(###########
########


You could see a kobold brigand and 5 kobolds.

Vanquished Creatures
  A scorpion (D:3)
  A crimson imp (D:4)
  A hound skeleton (D:4)
  2 adders
  A worm (D:3)
  An orc (D:3)
  2 bats
  5 endoplasms
  2 giant cockroaches
  6 goblins
  4 hobgoblins
  7 jackals
  16 kobolds (D:4)
  3 quokkas
  2 ball pythons
  2 frilled lizards (D:1)
  5 rats
61 creatures vanquished.

Vanquished Creatures (others)
  20 plants (D:4)
20 creatures vanquished.

Grand Total: 81 creatures vanquished

Notes
Turn   | Place    | Note
-------+----------+-------------------------------------------
     0 | D:1      | Snicker the Demonspawn Brigand began the quest for the Orb.
     0 | D:1      | Reached XP level 1. HP: 16/16 MP: 1/1
   332 | D:1      | Reached skill level 4 in Stealth
   372 | D:1      | Gained mutation: You have sharp fingernails. [demonic
                  | ancestry]
   372 | D:1      | Reached XP level 2. HP: 22/22 MP: 2/2
  1466 | D:3      | Reached XP level 3. HP: 22/27 MP: 3/3
  1755 | D:4      | Noticed a scorpion
  1786 | D:3      | Killed a scorpion
  1787 | D:3      | Reached skill level 1 in Dodging
  1787 | D:3      | Reached skill level 5 in Stealth
  1787 | D:3      | Reached XP level 4. HP: 9/34 MP: 4/4
  2154 | D:3      | Found a shimmering altar of Xom.
  2211 | D:4      | Gained mutation: You are partially covered in icy blue
                  | scales. (AC +2) [demonic ancestry]
  2211 | D:4      | Reached XP level 5. HP: 10/39 MP: 5/5
  2775 | D:4      | Found a staircase to the Ecumenical Temple.
  2824 | Temple   | Entered the Ecumenical Temple
  2897 | Temple   | Became a worshipper of Gozag Ym Sagoz the Greedy
  3090 | D:4      | HP: 1/39 [kobold brigand/+0 short sword (5)]
  3092 | D:4      | Slain by a kobold brigand

Illustrated notes

Levels and vault maps discovered:
D:1:      sevenhm_arrival_forest_fort_large_2, layout_rooms, st_stairs_9,
          minmay_misc_feat_plants
D:2:      layout_basic, chequers_ecumenical_altar_grove
D:3:      layout_rooms, nicolae_overflow_hidden_temple, led_xom_imps,
          minmay_misc_feat_columns, kennysheep_generic_room_4
D:4:      kennysheep_kobold_camp, layout_loops_ring,
          minmay_temple_entry_junction, kennysheep_crisscross
Temple:   nicolae_temple_figure_zero

Skill      XL: |  1  2  3  4 |
---------------+-------------+-----
Stealth        | 4 5 |  5.3
Short Blades   | 2 3 |  3.2
Throwing       | 2 |  2.0
Dodging        | 1 |  1.2
Fighting       | |  2.4

Action                   |  1- 3 |  4- 6 || total
-------------------------+-------+-------++-------
Melee: Dagger            |    82 |   146 ||   228
Throw: Dart              |     1 |     2 ||     3
  Use: Potion            |       |     5 ||     5
 Stab: Sleeping          |     5 |     3 ||     8
       Distracted        |       |     1 ||     1
Armor: Robe              |    17 |    43 ||    60
Dodge: Dodged            |    39 |    93 ||   132

Table legend: (Time is in decaauts)
 A = Elapsed time spent in this place.
 B = Non-inter-level travel time spent in this place.
 C = Inter-level travel time spent in this place.
 D = Time resting spent in this place.
 E = Time spent auto-exploring this place.
 F = Levels seen in this place.
 G = Mean time per level.
                   A        B        C        D        E       F      G
               +--------+--------+--------+--------+--------+-----+--------+
         Total |   3070 |   2947 |    123 |    562 |   1817 |   5 |  614.0 |
       Dungeon |   2985 |   2875 |    110 |    562 |   1753 |   4 |  746.2 |
        Temple |     85 |     73 |     12 |      0 |     64 |   1 |   85.0 |
               +--------+--------+--------+--------+--------+-----+--------+

Top non-repeatable levels by time:
     D:4: 1068 daAuts
     D:2: 787 daAuts
     D:1: 630 daAuts
     D:3: 498 daAuts
  Temple: 85 daAuts
